 Dungeon Sprint DCSS version 0.20-a0-1127-g1289703 (webtiles) character file.

20269 potatolord6000 the Warrior (level 12, -1/122 HPs)
             Began as a Demonspawn Gladiator on May 18, 2017.
             Was an Initiate of Gozag.
             Killed from afar by an ice dragon (31 damage)
             ... with a blast of cold
             ... in the Dungeon (Sprint IX: "|||||||||||||||||||||||||||||").
             The game lasted 00:08:18 (1729 turns).

potatolord6000 the Warrior (Demonspawn Gladiator)   Turns: 1729, Time: 00:08:18

Health: -1/122     AC: 31    Str: 21    XL:     12   Next: 43%
Magic:  12/12      EV: 19    Int: 14    God:    Gozag
Gold:   1933       SH:  0    Dex: 22    Spells: 11/11 levels left

rFire    . . .     SeeInvis +   m - +5 quarterstaff (speed)
rCold    . . .     Gourm    .   (shield currently unavailable)
rNeg     . . .     Faith    .   n - +1 plate armour of the Arcane {Str+2 Int+2 Dex+4}
rPois    .         Spirit   .   y - +3 crown of Dyrovepreva {rElec Int+2 SInv}
rElec    +         Reflect  .   a - +0 cloak
rCorr    .         Harm     .   q - +1 pair of gloves {Dex+3}
MR       .....     NoTele   +   v - +1 pair of boots {Fly}
Stlth    ..........             (no amulet)
Regen    1.7/turn               o - +2 ring of protection
MPRegen  0.2/turn               p - +2 ring of protection

@: flying
A: talons 2, blurry vision 1, powered by death 3, powered by pain 1,
regeneration 1, robust 1, sturdy frame 2
a: Potion Petition, Call Merchant, Bribe Branch, Renounce Religion, Stop Flying


You were in the Dungeon.
You worshipped Gozag.
Gozag was most pleased with you.
You were not hungry.

You visited 1 branch You collected 7489 gold pieces.
You spent 2284 gold pieces at shops.
You paid 3272 gold pieces to Gozag.

Inventory:

Hand Weapons
 m - a +5 quarterstaff of speed (weapon)
Armour
 a - a +0 cloak (worn)
 n - the +1 plate armour of the Arcane (worn) {Str+2 Int+2 Dex+4}
   (You bought it in a shop in the Dungeon)

   It affects your strength (+2).
   It affects your intelligence (+2).
   It affects your dexterity (+4).
 q - a +1 pair of gloves of dexterity (worn)
 v - a +1 pair of boots of flying (worn)
 y - the +3 crown of Dyrovepreva (worn) {rElec Int+2 SInv}
   (You bought it in a shop in the Dungeon)

   It affects your intelligence (+2).
   It insulates you from electricity.
   It lets you see invisible.
Jewellery
 o - a +2 ring of protection (left hand)
 p - a +2 ring of protection (right hand)
Scrolls
 h - 4 scrolls of remove curse
 k - 3 scrolls of blinking
 l - 3 scrolls of amnesia
 r - 2 scrolls of fear
 s - 3 scrolls of fog
 t - 2 scrolls of recharging
 u - 2 scrolls of enchant armour
Potions
 c - a potion of resistance
 d - a potion of invisibility
 e - 5 potions of curing
 g - 6 potions of heal wounds
 i - 4 potions of magic
 j - 2 potions of berserk rage
 z - a potion of agility
Comestibles
 b - 40 fruits
 f - 12 bread rations
 w - 12 meat rations


   Skills:
 + Level 15.9 Fighting
 + Level 14.9 Staves
 - Level 1.7 Throwing
 + Level 14.6 Armour
 + Level 14.9 Dodging


You had 11 spell levels left.
You didn't know any spells.

Dungeon Overview and Level Annotations

Branches:
Dungeon (1/1)

Altars:
Cheibriados
Dithmenos
Elyvilon
Fedhas
Gozag
Hepliaklqana
Kikubaaqudgha
Makhleb
Nemelex Xobeh
Okawaru
Qazlal
Ru
Sif Muna
Trog
Uskayaw
Vehumet
Wu Jian
Xom
Yredelemnul
Zin
The Shining One
Beogh
Jiyva
Lugonu

Shops:
D **??[[[[


Innate Abilities, Weirdness & Mutations

You have razor-sharp toenails.
You regenerate a lot of health from kills.
You sometimes gain a little power by taking damage.
Your movements are less encumbered by armour. (ER -4)
Scrolls take you a little longer to read.
Your natural rate of healing is unusually fast.
You are robust. (+10% HP)


Message History

The fire dragon simulacrum freezes you!!
* * * LOW HITPOINT WARNING * * *
You closely miss the ice dragon.
The ice dragon is almost dead.
The ice dragon bites you!
* * * LOW HITPOINT WARNING * * *
The ice dragon completely misses you.
The ice dragon tramples you but does no damage.
Unknown command.
Unknown command.
You feel much better.
The stone giant's soul is no longer bound.
The ice dragon's soul is no longer bound.
The fire dragon simulacrum completely misses you.
The fire dragon simulacrum claws you but does no damage.
The fire dragon simulacrum tramples you but does no damage.
The ice dragon breathes frost at you. The blast of cold hits you!
You die...
Your body crumbles into a pile of gold.

▓.▓.▓.▓.▓.▓)▓
▓.▓.▓)▓.▓'▓.▓.▓
▓C▓.▓)▓.▓(▓.▓.▓
▓D▓.▓∩▓.▓/▓.▓)▓
▓p▓.▓)▓.▓.▓.▓'▓
▓R▓.▓∩▓.▓(▓.▓.▓
▓u▓.▓.▓.▓∩▓.▓.▓
▓D▓.▓∩▓.▓.▓.▓[▓
▓@▓.▓)▓.▓.▓.▓.▓
▓Z▓.▓∩▓.▓.▓.▓.▓
▓$▓.▓)▓.▓.▓.▓)▓
▓$▓.▓)▓.▓.▓.▓/▓
▓$▓.▓)▓.▓.▓.▓.▓
▓$▓.▓)▓.▓.▓.▓.▓
▓.▓.▓.▓.▓'▓.▓'▓
▓.▓.▓)▓.▓.▓.▓_▓
▓.▓.▓.▓.▓.▓.▓_▓


You could see 2 ice dragons, a stone giant, a red ugly thing, a rakshasa, a
necromancer and a fire dragon simulacrum.

Vanquished Creatures
  A stone giant (D)
  A fire dragon (D)
  A centaur warrior (D)
  A hydra (D)
  A two-headed ogre (D)
  A tengu warrior (D)
  10 orc high priests (D)
  Urug (D)
  An unseen horror (D)
  4 orc knights (D)
  3 black mambas (D)
  4 spiny frogs (D)
  A kobold demonologist (D)
  A komodo dragon (D)
  A troll (D)
  6 polar bears (D)
  A hippogriff (D)
  A slime creature (D)
  A wyvern (D)
  A shadow (D)
  3 yaks (D)
  A hungry ghost (D)
  A basilisk (D)
  A water moccasin (D)
  A soldier ant (D)
  6 orc warriors (D)
  3 black bears (D)
  A phantom (D)
  A crocodile (D)
  3 bullfrogs (D)
  A gnoll sergeant (D)
  A crimson imp (D)
  A hound (D)
  6 orc priests (D)
  3 orc wizards (D)
  2 worker ants (D)
  A worm (D)
  A dart slug (D)
  7 orcs (D)
  A bat (D)
  A bat skeleton (D)
  2 giant cockroaches (D)
  A jackal (D)
  A quokka (D)
  A leopard gecko zombie (D)
  A quokka skeleton (D)
94 creatures vanquished.

Vanquished Creatures (others)
  2 orc wizards (D)
2 creatures vanquished.

Grand Total: 96 creatures vanquished

Notes
Turn   | Place    | Note
-------+----------+-------------------------------------------
     0 | D        | potatolord6000 the Demonspawn Gladiator began the quest for the Orb.
     0 | D        | Reached XP level 1. HP: 16/16 MP: 1/1
    12 | D        | Reached skill level 1 in Armour
    20 | D        | Gained mutation: You have sharp toenails. [demonic ancestry]
    20 | D        | Reached XP level 2. HP: 17/23 MP: 2/2
   105 | D        | Reached skill level 3 in Fighting
   105 | D        | Reached XP level 3. HP: 18/29 MP: 3/3
   115 | D        | Reached skill level 4 in Fighting
   120 | D        | Gained mutation: Your movements are slightly less encumbered by armour. (ER -2) [demonic ancestry]
   120 | D        | Reached XP level 4. HP: 12/38 MP: 4/4
   126 | D        | Found a roughly hewn altar of Beogh.
   126 | D        | Found a snail-covered altar of Cheibriados.
   126 | D        | Found a shadowy altar of Dithmenos.
   126 | D        | Found a white marble altar of Elyvilon.
   126 | D        | Found a blossoming altar of Fedhas.
   126 | D        | Found an opulent altar of Gozag.
   127 | D        | Found a hazy altar of Hepliaklqana.
   128 | D        | Found a viscous altar of Jiyva.
   129 | D        | Found an ancient bone altar of Kikubaaqudgha.
   130 | D        | Found a corrupted altar of Lugonu.
   131 | D        | Found a burning altar of Makhleb.
   132 | D        | Found a sparkling altar of Nemelex Xobeh.
   133 | D        | Found an iron altar of Okawaru.
   134 | D        | Became a worshipper of Gozag Ym Sagoz the Greedy
   135 | D        | Found a stormy altar of Qazlal.
   136 | D        | Found a sacrificial altar of Ru.
   137 | D        | Found a deep blue altar of Sif Muna.
   138 | D        | Found a bloodstained altar of Trog.
   139 | D        | Found a hide-covered altar of Uskayaw.
   140 | D        | Found a radiant altar of Vehumet.
   141 | D        | Found an ornate altar of the Wu Jian Council.
   142 | D        | Found a shimmering altar of Xom.
   143 | D        | Found a basalt altar of Yredelemnul.
   144 | D        | Found a glowing silver altar of Zin.
   145 | D        | Found a glowing golden altar of the Shining One.
   347 | D        | Noticed a wyvern
   347 | D        | Noticed a phantom
   347 | D        | Noticed a gnoll sergeant
   357 | D        | Killed a gnoll sergeant
   357 | D        | Reached skill level 5 in Fighting
   357 | D        | Reached skill level 5 in Staves
   357 | D        | Reached skill level 5 in Dodging
   357 | D        | Gained mutation: You regenerate a little health from kills. [demonic ancestry]
   357 | D        | Reached XP level 5. HP: 39/44 MP: 5/5
   368 | D        | Killed a wyvern
   368 | D        | Reached skill level 6 in Fighting
   368 | D        | Reached skill level 5 in Armour
   368 | D        | Gained mutation: Your movements are less encumbered by armour. (ER -4) [demonic ancestry]
   368 | D        | Reached XP level 6. HP: 33/53 MP: 6/6
   375 | D        | Reached skill level 7 in Fighting
   408 | D        | Noticed a soldier ant
   408 | D        | Noticed a hungry ghost
   413 | D        | Killed an unseen horror
   413 | D        | Reached skill level 8 in Fighting
   413 | D        | Reached XP level 7. HP: 51/63 MP: 7/7
   421 | D        | Killed a hungry ghost
   421 | D        | Reached skill level 9 in Fighting
   421 | D        | Reached XP level 8. HP: 71/71 MP: 8/8
   562 | D        | Noticed a komodo dragon
   562 | D        | Noticed a spiny frog
   562 | D        | Noticed a spiny frog
   562 | D        | Noticed a black mamba
   562 | D        | Noticed a black mamba
   572 | D        | Killed a black mamba
   572 | D        | Reached skill level 10 in Fighting
   576 | D        | Killed a black mamba
   578 | D        | Noticed a polar bear
   580 | D        | Killed a spiny frog
   580 | D        | Reached skill level 10 in Staves
   580 | D        | Reached skill level 10 in Dodging
   580 | D        | Gained mutation: You sometimes gain a little power by taking damage. [demonic ancestry]
   580 | D        | Reached XP level 9. HP: 65/79 MP: 9/9
   587 | D        | Killed a spiny frog
   587 | D        | Reached skill level 11 in Fighting
   594 | D        | Killed a komodo dragon
   594 | D        | Reached skill level 10 in Armour
   602 | D        | Killed a polar bear
   630 | D        | Bought a pair of embroidered gloves for 202 gold pieces
   630 | D        | Bought a pair of runed boots for 202 gold pieces
   647 | D        | Noticed a spiny frog
   647 | D        | Noticed a spiny frog
   648 | D        | Noticed a black mamba
   670 | D        | Killed a spiny frog
   675 | D        | Killed a spiny frog
   675 | D        | Gained mutation: You regenerate health from kills. [demonic ancestry]
   675 | D        | Reached XP level 10. HP: 58/89 MP: 10/10
   677 | D        | Reached skill level 12 in Fighting
   678 | D        | Noticed a seven-headed hydra
   710 | D        | Killed a seven-headed hydra
   723 | D        | Killed a black mamba
   817 | D        | Reached skill level 13 in Fighting
   855 | D        | Bought the +1 plate armour of the Arcane {Str+2 Int+2 Dex+4} for 569 gold pieces
   890 | D        | Noticed Urug
   912 | D        | Killed Urug
   988 | D        | Noticed an orc knight
  1020 | D        | Killed an orc knight
  1020 | D        | Gained mutation: You regenerate a lot of health from kills. [demonic ancestry]
  1020 | D        | Reached XP level 11. HP: 78/98 MP: 11/11
  1035 | D        | Noticed a stone giant
  1079 | D        | Killed a stone giant
  1125 | D        | Bought the +3 crown of Dyrovepreva {rElec Int+2 SInv} for 538 gold pieces
  1154 | D        | Noticed an orc high priest
  1154 | D        | Noticed an orc knight
  1172 | D        | Killed an orc knight
  1188 | D        | Noticed an orc knight
  1199 | D        | Noticed an orc knight
  1202 | D        | Killed an orc high priest
  1202 | D        | Reached skill level 14 in Fighting
  1233 | D        | Killed an orc knight
  1266 | D        | Killed an orc knight
  1325 | D        | Found Hoprubb's Magic Scroll Boutique.
  1325 | D        | Noticed an orc high priest
  1325 | D        | Noticed an orc high priest
  1325 | D        | Noticed an orc high priest
  1326 | D        | Noticed an orc high priest
  1332 | D        | Found Kuameose's Magic Scroll Shop.
  1333 | D        | Noticed a sixfirhy
  1335 | D        | Killed an orc high priest
  1336 | D        | Noticed an orc high priest
  1339 | D        | Noticed an orc high priest
  1342 | D        | Killed an orc high priest
  1343 | D        | Found Wosmafal's General Store.
  1351 | D        | Killed an orc high priest
  1354 | D        | Noticed a sun demon
  1356 | D        | Killed an orc high priest
  1357 | D        | Found Gaan's General Store.
  1361 | D        | Noticed an orc high priest
  1366 | D        | Killed an orc high priest
  1367 | D        | Noticed an orc high priest
  1375 | D        | Killed an orc high priest
  1375 | D        | Reached skill level 15 in Fighting
  1379 | D        | Noticed an orc high priest
  1388 | D        | Killed an orc high priest
  1388 | D        | Gained mutation: You have razor-sharp toenails. [demonic ancestry]
  1388 | D        | Reached XP level 12. HP: 110/110 MP: 12/12
  1395 | D        | Killed an orc high priest
  1406 | D        | Killed an orc high priest
  1457 | D        | Bought a scroll of enchant weapon for 97 gold pieces
  1457 | D        | Bought a scroll of acquirement for 676 gold pieces
  1617 | D        | Gained mutation: You expend magic power (3 MP) to strengthen your wands. [potion of mutation]
  1617 | D        | Gained mutation: You are robust. (+10% HP) [potion of mutation]
  1618 | D        | Lost mutation: You expend magic power (3 MP) to strengthen your wands. [potion of mutation]
  1618 | D        | Gained mutation: Scrolls take you a little longer to read. [potion of mutation]
  1618 | D        | Gained mutation: Your natural rate of healing is unusually fast. [potion of mutation]
  1637 | D        | Noticed a two-headed ogre
  1637 | D        | Noticed a centaur warrior
  1643 | D        | Noticed a tengu warrior
  1651 | D        | Noticed a fire dragon
  1657 | D        | Killed a centaur warrior
  1670 | D        | Killed a two-headed ogre
  1671 | D        | Noticed an ice dragon
  1689 | D        | Noticed a rakshasa
  1690 | D        | Killed a tengu warrior
  1698 | D        | Noticed an ice dragon
  1712 | D        | Killed a fire dragon
  1713 | D        | Noticed a stone giant
  1728 | D        | HP: 3/122 [ice dragon (7)]
  1729 | D        | Killed from afar by an ice dragon

Vault maps used:
D:        linesprint

Skill      XL: |  1  2  3  4  5  6  7  8  9 10 11 12 |
---------------+-------------------------------------+-----
Armour         | 1 2 3 4 5 7 8 9 10 12 13 14 | 14.6
Dodging        | 3 4 5 6 8 10 11 12 14 | 14.9
Staves         | 3 4 5 6 8 10 11 12 14 | 14.9
Fighting       | 3 4 5 6 8 9 10 11 13 15 | 15.9
Throwing       | |  1.7

Action                   |  1- 3 |  4- 6 |  7- 9 | 10-12 || total
-------------------------+-------+-------+-------+-------++-------
Melee: Quarterstaff      |    37 |    29 |    83 |   481 ||   630
       Kick              |     6 |     7 |    18 |       ||    31
Invok: Call Merchant     |       |       |     1 |     3 ||     4
  Use: Potion            |     2 |       |     2 |     3 ||     7
       Scroll            |       |       |       |     2 ||     2
 Stab: Distracted        |       |       |     1 |     2 ||     3
  Eat: Bread ration      |       |       |       |     1 ||     1
Armor: Leather armour    |     5 |     9 |    11 |    22 ||    47
       Plate armour      |       |       |       |    86 ||    86
Dodge: Dodged            |    21 |    11 |    38 |   203 ||   273
